[Event "Team 45 45 League T70"]
[Site "Internet Chess Club"]
[Date "2016.09.20"]
[Round "2"]
[White "clarinetref"]
[Black "Grenadier"]
[Result "1-0"]
[WhiteElo "1623"]
[BlackElo "1575"]
[Opening "Caro-Kann: Steinitz variation"]
[ECO "B17"]
[Time "22:01:43"]
[TimeControl "2700+45"]

1. e4 c6 2. d4 d5 3. Nc3 dxe4 4. Nxe4 Nd7 5. Qe2 e6 6. Nf3 Ngf6 7. Bf4 Nxe4 8.
Qxe4 Nf6 9. Qd3 Be7 10. Be2 Qb6 11. Rb1 Nd5 12. Bg3 Nc3 13. Ra1 Nxe2 14. Qxe2
Qxb2 15. O-O Qb6 16. Rab1 Qa5 17. c4 Qd8 18. Rfd1 O-O 19. Ne5 Bf6 20. Qe4 Qa5
21. Ng4 Be7 22. Qe2 b6 23. d5 cxd5 24. cxd5 Bc5 25. d6 Rd8 26. Qf3 Bd7 27. Ne5
f6 28. Nxd7 Rxd7 29. Qxa8+ Kf7 30. Qc6 Rd8 {Black resigns} 1-0

[Event "Team 45 45 League T70"]
[Site "Internet Chess Club"]
[Date "2016.09.16"]
[Round "2"]
[White "bmw2002"]
[Black "kutch"]
[Result "1/2-1/2"]
[WhiteElo "1476"]
[BlackElo "1506"]
[Opening "English: symmetrical variation"]
[ECO "A37"]
[Time "19:08:17"]
[TimeControl "2700+45"]

1. c4 c5 2. g3 g6 3. Bg2 Bg7 4. Nc3 Nc6 5. Nf3 d6 6. O-O e6 7. d3 Nge7 8. Rb1 b6
9. a3 Bb7 10. Bd2 O-O 11. b4 Qd7 12. bxc5 dxc5 13. Ne4 f5 14. Nc3 Rad8 15. Nb5
Ne5 16. Nxe5 Bxe5 17. a4 Bxg2 18. Kxg2 Nc6 19. Bg5 Bf6 20. Qc1 Qe7 21. Bd2 {Game
drawn by mutual agreement} 1/2-1/2

[Event "Team 45 45 League T70"]
[Site "Internet Chess Club"]
[Date "2016.09.18"]
[Round "2"]
[White "Skeptic1972"]
[Black "kllrchris"]
[Result "0-1"]
[WhiteElo "1532"]
[BlackElo "1714"]
[Opening "Sicilian: closed"]
[ECO "B23"]
[Time "15:02:28"]
[TimeControl "2700+45"]

1. e4 c5 2. Nc3 d6 3. f4 g6 4. Nf3 Bg7 5. g3 Nc6 6. Bg2 e6 7. O-O Nge7 8. d3 O-O
9. Bd2 Rb8 10. a4 a6 11. Rb1 b5 12. axb5 axb5 13. Kh1 b4 14. Ne2 Ba6 15. Neg1 b3
16. c4 d5 17. Be3 dxe4 18. Ne1 exd3 19. Bxc5 Bxc4 20. Bxc6 Bd5+ 21. Bxd5 Qxd5+
22. Rf3 Qxc5 23. Rxd3 Qf5 24. Ngf3 Nc6 25. Rc1 Qb5 26. Rd6 Rbd8 27. Rcxc6 Qf1+
28. Ng1 Rxd6 29. Rxd6 Bxb2 30. Qxb3 Qxe1 31. Qd1 Qe4+ 32. Qf3 Qb4 33. Rd3 Rb8
34. Qd1 Bf6 35. Nh3 Qe4+ 36. Kg1 Rb2 37. Nf2 Qb7 38. Qf3 Rb1+ 39. Kg2 Qa6 40.
Ng4 Be7 41. Rb3 Qa2+ 42. Kh3 {White resigns} 0-1

[Event "Team 45 45 League T70"]
[Site "Internet Chess Club"]
[Date "2016.09.14"]
[Round "2"]
[White "SimplyAbed"]
[Black "fireball"]
[Result "1-0"]
[WhiteElo "1913"]
[BlackElo "1720"]
[Opening "Queen's pawn game"]
[ECO "E00"]
[Time "23:00:45"]
[TimeControl "2700+45"]

1. d4 e6 2. c4 Nf6 3. a3 a5 4. Nc3 d5 5. Bf4 c6 6. Qb3 dxc4 7. Qxc4 Bd6 8. Bxd6
Qxd6 9. e4 Qd8 10. Qc5 Na6 11. Bxa6 Rxa6 12. Nf3 Qe7 13. O-O Qxc5 14. dxc5 O-O
15. Rad1 Nd7 16. Na4 e5 17. Rd2 Nf6 18. Rfd1 Bg4 19. h3 Bxf3 20. gxf3 Raa8 21.
Nb6 Rab8 22. Nc4 Rfe8 23. Nxa5 Nh5 24. Rd7 Nf4 25. Nxb7 Nxh3+ 26. Kf1 h5 27. Rd8
Kh7 28. Rxe8 Rxe8 29. Nd8 Nf4 30. a4 h4 31. a5 h3 32. Kg1 Ne2+ 33. Kh2 Nd4 34.
Nxf7 Kg6 35. Nd6 Rh8 36. Rd3 Ne6 37. b4 Nf4 38. Rd2 Rb8 39. Nc4 Rxb4 40. Nxe5+
Kf6 41. Nxc6 Ra4 42. e5+ Ke6 43. Rd4 Rxd4 44. Nxd4+ Kxe5 45. a6 Nd5 46. Nb5
{Black resigns} 1-0

[Event "Team 45 45 League T70"]
[Site "Internet Chess Club"]
[Date "2016.09.14"]
[Round "2"]
[White "Mitochondria"]
[Black "Insan996"]
[Result "1-0"]
[WhiteElo "1592"]
[BlackElo "1531"]
[Opening "Nimzo-Indian: classical, 4...c5"]
[ECO "E38"]
[Time "21:20:07"]
[TimeControl "2700+45"]

1. d4 Nf6 2. c4 e6 3. Nc3 Bb4 4. Qc2 c5 5. e3 O-O 6. a3 Bxc3+ 7. Qxc3 b6 8. Nf3
Bb7 9. Be2 d6 10. O-O Nbd7 11. b4 Ne4 12. Qc2 f5 13. Rb1 Ndf6 14. Rd1 Qe7 15.
Bb2 Rac8 16. bxc5 dxc5 17. Ne5 Ng4 18. Nxg4 fxg4 19. Rf1 Qg5 20. Bd3 g3 21. Bxe4
gxf2+ 22. Kh1 Ba6 23. Bxh7+ Kh8 24. Bd3 Qxe3 25. Bc1 Qxd4 26. Qe2 Qh4 27. Bb2
Bb7 28. Bxg7+ Kxg7 29. Qe5+ Qf6 30. Qg3+ Kf7 31. Rxf2 {Black resigns} 1-0

[Event "Team 45 45 League T70"]
[Site "Internet Chess Club"]
[Date "2016.09.16"]
[Round "2"]
[White "Portola"]
[Black "Bryant-L"]
[Result "1-0"]
[WhiteElo "1761"]
[BlackElo "1742"]
[Opening "Modern defense"]
[ECO "A40"]
[Time "16:30:38"]
[TimeControl "2700+45"]

1. d4 g6 2. c3 Bg7 3. Nf3 d6 4. Bg5 Nf6 5. e3 O-O 6. Nbd2 Nc6 7. a4 Bf5 8. Bc4
d5 9. Be2 Ne4 10. Nxe4 Bxe4 11. O-O Qd7 12. Bb5 f6 13. Bf4 Rae8 14. Nd2 Bf5 15.
Nb3 e5 16. Nc5 Qc8 17. dxe5 fxe5 18. Qxd5+ Be6 19. Nxe6 Qxe6 20. Qxe6+ Rxe6 21.
Bc4 exf4 22. Bxe6+ Kh8 23. exf4 Rxf4 24. Rfd1 Bf8 25. b4 Rf6 26. Ba2 Bd6 27.
Rac1 Ne5 28. h3 Kg7 29. Rc2 h5 30. Re2 g5 31. Rd4 Kh6 32. Rde4 Ng6 33. Re6 Rxe6
34. Rxe6 Kg7 35. Re4 Nf4 36. Bc4 Kf6 37. Re3 Be5 38. Rf3 Kg6 39. Kf1 g4 40. hxg4
hxg4 41. Re3 Kf6 42. g3 Nh3 43. Be2 {Black resigns} 1-0

[Event "Team 45 45 League T70"]
[Site "Internet Chess Club"]
[Date "2016.09.19"]
[Round "2"]
[White "timothysmall56"]
[Black "zap2"]
[Result "1/2-1/2"]
[WhiteElo "1729"]
[BlackElo "1735"]
[Opening "Pirc defense"]
[ECO "B07"]
[Time "08:48:00"]
[TimeControl "2700+45"]

1. e4 d6 2. d4 Nf6 3. Nc3 e5 4. dxe5 dxe5 5. Qxd8+ Kxd8 6. Bc4 Ke8 7. Bg5 c6 8.
Nf3 Nbd7 9. O-O Bb4 10. Bxf6 gxf6 11. Ne2 Ke7 12. c3 Ba5 13. b4 Bc7 14. a4 Rg8
15. Ng3 Nf8 16. Rad1 Be6 17. Bxe6 fxe6 18. Rd2 Ng6 19. Ne2 Rad8 20. Rfd1 h5 21.
Rxd8 Bxd8 22. h4 f5 23. exf5 exf5 24. g3 Ke6 25. Kh2 Be7 26. Neg1 e4 27. Nd4+
Kf6 28. Nde2 Rd8 29. Rxd8 Bxd8 30. Nh3 Bb6 31. Kg2 Bc7 32. Nhf4 Nxf4+ 33. Nxf4
Bxf4 34. gxf4 Ke6 35. c4 b6 36. Kf1 a5 37. bxa5 bxa5 38. Ke2 Kd6 39. Kd2 c5 40.
Ke3 Ke6 41. f3 exf3 {Game drawn by mutual agreement} 1/2-1/2

[Event "Team 45 45 League T70"]
[Site "Internet Chess Club"]
[Date "2016.09.15"]
[Round "2"]
[White "MartyJR"]
[Black "drsigmund1"]
[Result "0-1"]
[WhiteElo "1446"]
[BlackElo "1462"]
[Opening "Queen's pawn"]
[ECO "A40"]
[Time "20:31:05"]
[TimeControl "2700+45"]

1. d4 e6 2. Bf4 Nf6 3. e3 c5 4. c3 Qb6 5. Qc2 d5 6. Nf3 Nbd7 7. Nbd2 Nh5 8. Bg5
h6 9. Bh4 Bd6 10. dxc5 Qxc5 11. Be2 e5 12. Nxe5 Nxe5 13. Bxh5 g6 14. Be2 Bf5 15.
Qa4+ b5 16. Bxb5+ Kf8 17. O-O Ng4 18. Nf3 Be4 19. Bg3 Bxf3 20. Bxd6+ Qxd6 21. g3
h5 22. Qd4 Kg8 23. c4 h4 24. c5 Qc7 25. Qd2 Nxh2 26. Be2 hxg3 27. Bxf3 Nxf3+
{White resigns} 0-1

[Event "Team 45 45 League T70"]
[Site "Internet Chess Club"]
[Date "2016.09.19"]
[Round "2"]
[White "bss2005"]
[Black "Percival"]
[Result "1/2-1/2"]
[WhiteElo "1926"]
[BlackElo "2049"]
[Opening "French: Winawer, advance, 6...Ne7"]
[ECO "C18"]
[Time "08:00:20"]
[TimeControl "2700+45"]

1. e4 e6 2. d4 d5 3. Nc3 Bb4 4. e5 c5 5. a3 Bxc3+ 6. bxc3 Ne7 7. h4 Nbc6 8. Nf3
Qa5 9. Bd2 c4 10. Be2 Bd7 11. O-O O-O-O 12. Ng5 Rdf8 13. Nh3 h6 14. g3 Nf5 15.
Kg2 Rfg8 16. Bg4 Nce7 17. Qe2 Ba4 18. Rac1 Kb8 19. Rg1 Ka8 20. Qd1 Rc8 21. Ra1
Rc6 22. Qb1 Rb6 23. Qc1 Rc8 24. Rd1 Qb5 25. Ra2 Qa5 26. Ra1 Qb5 27. Ra2 Qa5 28.
Ra1 {Game drawn by repetition} 1/2-1/2

[Event "Team 45 45 League T70"]
[Site "Internet Chess Club"]
[Date "2016.09.17"]
[Round "2"]
[White "jorobo"]
[Black "nurmi"]
[Result "0-1"]
[WhiteElo "1986"]
[BlackElo "2098"]
[Opening "English: four knights, kingside fianchetto"]
[ECO "A29"]
[Time "16:05:25"]
[TimeControl "2700+45"]

1. c4 e5 2. Nc3 Nf6 3. Nf3 Nc6 4. g3 Bc5 5. Bg2 a6 6. d3 O-O 7. O-O h6 8. a3 d6
9. b4 Ba7 10. Bb2 Be6 11. Rc1 Qd7 12. e3 Rae8 13. Re1 Nh7 14. Nd5 Ne7 15. Nxe7+
Qxe7 16. d4 e4 17. Nd2 d5 18. cxd5 Bxd5 19. Nb3 Ng5 20. Nc5 Bxc5 21. dxc5 c6 22.
Re2 Rd8 23. Rd2 Qe6 24. h4 Nf3+ 25. Bxf3 exf3 26. Rd4 f5 27. Rc2 Rd7 28. Rcd2
Rff7 29. Kh2 g5 30. Qc1 Kf8 31. Qc3 Ke8 32. Rd1 Kd8 33. R1d2 Kc8 34. a4 f4 35.
exf4 gxf4 36. Qc2 fxg3+ 37. fxg3 f2 38. Rxf2 Qe1 39. Rg2 Rf1 40. Kh3 Be6+ 41. g4
Rh1+ 42. Rh2 Qe3+ 43. Kg2 Rg1# {White checkmated} 0-1

[Event "Team 45 45 League T70"]
[Site "Internet Chess Club"]
[Date "2016.09.17"]
[Round "2"]
[White "Knight8700"]
[Black "searchforbobby1"]
[Result "1/2-1/2"]
[WhiteElo "1964"]
[BlackElo "1954"]
[Opening "Dutch defense"]
[ECO "A90"]
[Time "18:03:54"]
[TimeControl "2700+45"]

1. d4 e6 2. c4 f5 3. g3 Nf6 4. Bg2 d5 5. Nf3 c6 6. O-O Bd6 7. Nbd2 O-O 8. Qc2
Nbd7 9. Ne1 Qe7 10. Nd3 b6 11. Nf3 Bb7 12. Bf4 Bxf4 13. Nxf4 Ne4 14. Nd3 Rac8
15. b4 c5 16. bxc5 dxc4 17. Qxc4 Bd5 18. Qa6 bxc5 19. dxc5 Ndxc5 20. Nxc5 Rxc5
21. Rfc1 Qc7 22. Rxc5 Qxc5 23. Qd3 Qxf2+ 24. Kh1 f4 25. g4 Qb6 26. Qd4 Nf2+ 27.
Kg1 Nxg4 28. Qxb6 axb6 29. Rb1 Ra8 30. Ng5 Bxg2 31. Kxg2 e5 32. Rxb6 h6 33. Ne6
Rxa2 34. Rb7 Ne3+ 35. Kf3 Nf5 36. Rb5 Nd4+ 37. Nxd4 exd4 38. Rd5 Rd2 39. h4 Kf7
40. Kxf4 Rxe2 41. Rxd4 Rg2 42. Kf5 h5 43. Rd7+ Kg8 44. Rd4 Kh7 45. Re4 Kh6 46.
Rd4 g6+ 47. Ke5 Rg1 48. Rc4 Rf1 49. Rf4 Re1+ 50. Re4 Rh1 51. Rc4 Rg1 52. Rd4 Rg3
53. Rc4 Rf3 54. Rf4 Ra3 55. Rd4 Ra2 56. Kf4 Rg2 57. Ke5 g5 58. Rd6+ Kg7 59. Rd7+
Kg8 60. Rd8+ Kf7 61. Rd7+ Kg6 62. Rd6+ Kh7 63. Rd7+ Kh8 64. Rd8+ Kh7 65. Rd7+
Kg8 66. Rd8+ Kf7 67. Rd7+ Ke8 68. Rh7 gxh4 69. Rxh5 Rg4 70. Kf5 Ra4 71. Kg5 Kf7
72. Rh7+ Ke6 73. Rxh4 Rxh4 74. Kxh4 {Game drawn because neither player has
mating material} 1/2-1/2

[Event "Team 45 45 League T70"]
[Site "Internet Chess Club"]
[Date "2016.09.18"]
[Round "2"]
[White "LinceHispano44"]
[Black "Vinesh1234"]
[Result "0-1"]
[WhiteElo "1653"]
[BlackElo "1740"]
[Opening "King's Indian: Smyslov system"]
[ECO "E61"]
[Time "14:02:19"]
[TimeControl "2700+45"]

1. Nf3 Nf6 2. c4 g6 3. d4 Bg7 4. Nc3 d6 5. Bg5 O-O 6. e3 c5 7. Qc2 Nc6 8. d5 Nb4
9. Qd2 Bf5 10. Rc1 h6 11. Bh4 Qb6 12. a3 Na6 13. e4 Nxe4 14. Nxe4 Bxe4 15. Be2
Qxb2 16. O-O Bxf3 17. Qxb2 Bxb2 18. Bxf3 Bxc1 19. Rxc1 g5 20. Bg3 f5 21. h3 f4
22. Bh2 Nc7 23. Re1 Rae8 24. Bg4 Kg7 25. Bd7 Rd8 26. Bg4 Rf7 27. Bh5 e6 28. Bxf7
Kxf7 29. dxe6+ Nxe6 30. Kf1 Nd4 31. g3 Nf3 {White resigns} 0-1

[Event "Team 45 45 League T70"]
[Site "Internet Chess Club"]
[Date "2016.09.18"]
[Round "2"]
[White "TheRailgun"]
[Black "KBuccleuch"]
[Result "0-1"]
[WhiteElo "1807"]
[BlackElo "2107"]
[Opening "Alekhine's defense: exchange variation"]
[ECO "B03"]
[Time "08:00:12"]
[TimeControl "2700+45"]

1. e4 Nf6 2. e5 Nd5 3. d4 d6 4. c4 Nb6 5. exd6 cxd6 6. Nc3 g6 7. Be3 Bg7 8. Rc1
O-O 9. b3 f5 10. Nge2 e5 11. dxe5 dxe5 12. Qxd8 Rxd8 13. Nb5 Nc6 14. Bc5 Nd7 15.
Bd6 Nf6 16. Rd1 Ne4 17. Nec3 Nxc3 18. Nxc3 e4 19. Ne2 a5 20. a4 b6 21. Bf4 Be6
22. Bd2 Nb4 23. Bxb4 axb4 24. Nf4 Bc3+ 25. Ke2 Bxc4+ 26. bxc4 Rxd1 27. Kxd1 b3
28. Nd5 Bd4 29. Kd2 Rxa4 30. Nc3 Ra1 31. c5 Kg7 32. cxb6 Bxb6 33. Nd1 Ba5+ 34.
Ke2 b2 {White resigns} 0-1

[Event "Team 45 45 League T70"]
[Site "Internet Chess Club"]
[Date "2016.09.18"]
[Round "2"]
[White "fledermaus"]
[Black "komodeo"]
[Result "0-1"]
[WhiteElo "1880"]
[BlackElo "1889"]
[Opening "QGD Slav: Dutch variation"]
[ECO "D18"]
[Time "18:00:34"]
[TimeControl "2700+45"]

1. Nf3 d5 2. d4 Nf6 3. c4 c6 4. Nc3 dxc4 5. a4 Bf5 6. e3 e6 7. Bxc4 Bb4 8. Ne5
Nbd7 9. Nxd7 Nxd7 10. O-O O-O 11. e4 Bg6 12. f3 e5 13. d5 Bc5+ 14. Kh1 a5 15.
dxc6 bxc6 16. Qe2 Nb6 17. Rd1 Qe7 18. Bb3 Rab8 19. Rb1 Rfd8 20. Rxd8+ Rxd8 21.
Be3 Bd4 22. Na2 Qa7 23. Rc1 Qb7 24. Bd2 Ra8 25. Bc3 Nd7 26. Bc4 Nc5 27. Qc2 Bxc3
28. bxc3 Rb8 29. Rd1 h6 30. h3 Kh7 31. Rd6 f6 32. Kh2 Qc7 33. Qd1 Nxa4 34. Rd7
Nb2 35. Rxc7 Nxd1 36. Rxc6 Ne3 37. Be6 Rb2 38. Rc8 Rxg2+ 39. Kh1 Bh5 {White
resigns} 0-1

[Event "Team 45 45 League T70"]
[Site "Internet Chess Club"]
[Date "2016.09.17"]
[Round "2"]
[White "Harmonicus"]
[Black "modiglani"]
[Result "1-0"]
[WhiteElo "1947"]
[BlackElo "1754"]
[Opening "Scandinavian defense"]
[ECO "B01"]
[Time "08:04:14"]
[TimeControl "2700+45"]

1. e4 d5 2. exd5 Nf6 3. Bb5+ Nbd7 4. Nf3 a6 5. Be2 Nxd5 6. d4 b5 7. O-O Bb7 8.
Nbd2 e6 9. Nb3 Be7 10. Re1 O-O 11. a4 bxa4 12. Rxa4 N7b6 13. Ra1 Bb4 14. Bd2
Bxd2 15. Qxd2 Ne7 16. Nc5 Qc8 17. Ra2 Nc6 18. Rea1 a5 19. c3 Nd7 20. Nxd7 Qxd7
21. Bb5 Qd5 22. c4 Qh5 23. Qf4 e5 24. Nxe5 Nb4 25. Ra3 Nc2 26. Rh3 Qxh3 27. gxh3
Nxa1 28. Ba4 f6 29. Nd3 Rab8 30. Nc5 Ba8 31. Qc1 {Black resigns} 1-0

[Event "Team 45 45 League T70"]
[Site "Internet Chess Club"]
[Date "2016.09.17"]
[Round "2"]
[White "PolishRyszard"]
[Black "spongenotbob"]
[Result "1/2-1/2"]
[WhiteElo "1777"]
[BlackElo "1862"]
[Opening "Richter-Veresov attack, Richter variation"]
[ECO "D01"]
[Time "04:00:55"]
[TimeControl "2700+45"]

1. d4 Nf6 2. Nc3 d5 3. Bg5 Bf5 4. f3 h6 5. Bxf6 exf6 6. e4 dxe4 7. fxe4 Bg6 8.
Nf3 Bb4 9. Bd3 O-O 10. O-O Re8 11. Nd5 Bd6 12. e5 Bxd3 13. Qxd3 fxe5 14. dxe5
Bc5+ 15. Kh1 Nc6 16. Qc4 Bb6 17. Rad1 Qc8 18. Qf4 Qe6 19. Rfe1 Rad8 20. c4 Ba5
21. Rf1 Nb4 22. Nxb4 Bxb4 23. a3 Bf8 24. Rfe1 c5 25. h3 Be7 26. Qe4 Rxd1 27.
Rxd1 b6 28. Rd5 Bd8 29. Qd3 Bc7 30. Kg1 a6 31. b4 Qc6 32. b5 axb5 33. cxb5 Qe6
34. Kf2 g6 35. Kf1 Kg7 36. Qe4 Bb8 37. Kf2 Kh7 38. Qd3 Rc8 39. Qe4 f6 40. h4 Re8
41. h5 fxe5 42. hxg6+ Kg8 43. a4 Rf8 44. g3 c4 45. Rd1 c3 46. Rc1 Rc8 47. Qb7
Kf8 48. Nh4 Bd6 49. Kg2 c2 50. Qe4 Qc4 51. Qf3+ Kg8 52. Nf5 Bf8 53. Ne3 Qb3 54.
Qf7+ Qxf7 55. gxf7+ Kxf7 56. Rxc2 Rxc2+ 57. Nxc2 Ke6 58. Ne3 Bc5 59. Nc4 Kd5 60.
a5 bxa5 61. Nxa5 Bb6 62. Nc6 e4 63. Kf1 Kc5 64. Ne7 Kxb5 65. Nf5 Bc7 66. Nxh6
Bxg3 67. Ng4 Bh4 68. Ke2 Kc4 69. Ne3+ Kc3 70. Nf5 Bg5 {Game drawn by mutual
agreement} 1/2-1/2

[Event "Team 45 45 League T70"]
[Site "Internet Chess Club"]
[Date "2016.09.18"]
[Round "2"]
[White "MikeTtheGuru"]
[Black "cool64chess"]
[Result "0-1"]
[WhiteElo "1990"]
[BlackElo "1977"]
[Opening "QGD: Harrwitz attack"]
[ECO "D35"]
[Time "23:02:03"]
[TimeControl "2700+45"]

1. c4 e6 2. Nc3 d5 3. d4 Nf6 4. Bf4 Be7 5. e3 O-O 6. Nf3 dxc4 7. Bxc4 a6 8. Ne5
b5 9. Qf3 Ra7 10. Bd3 Bb7 11. Qh3 b4 12. Ne2 Nbd7 13. Rd1 g6 14. O-O Qa8 15. f3
c5 16. Kh1 Bd5 17. b3 Nh5 18. Bh6 Rd8 19. Nc4 cxd4 20. Nxd4 Bf6 21. Nc2 a5 22.
e4 Bc6 23. Be3 Rb7 24. Nd4 Bxd4 25. Bxd4 Nf8 26. Be3 Bb5 27. Ne5 Bxd3 28. Rxd3
Rxd3 29. Nxd3 Qa6 30. Rd1 Rd7 {White resigns} 0-1

[Event "Team 45 45 League T70"]
[Site "Internet Chess Club"]
[Date "2016.09.17"]
[Round "2"]
[White "pishd"]
[Black "PolishRyszard"]
[Result "0-1"]
[WhiteElo "1734"]
[BlackElo "1792"]
[Opening "King's Indian: East Indian defense"]
[ECO "A48"]
[Time "11:11:58"]
[TimeControl "2700+45"]

1. d4 Nf6 2. Nf3 g6 3. Nbd2 Bg7 4. e4 d6 5. h3 O-O 6. c4 e5 7. d5 a5 8. Bd3 Na6
9. O-O Nc5 10. Qc2 Nh5 11. Nb3 Nxd3 12. Qxd3 a4 13. Nbd2 Nf4 14. Qa3 b6 15. b4
f5 16. Re1 g5 17. Nf1 fxe4 18. N3h2 Bf5 19. Ng3 Bg6 20. Nxe4 Kh8 21. Qg3 h6 22.
Ba3 Qd7 23. Rad1 Rad8 24. b5 Rf7 25. Rd2 Rg8 26. Bc1 Bf8 27. Ng4 Bxe4 28. Rxe4
Qf5 29. f3 h5 30. Ne3 Qg6 31. c5 bxc5 32. Rb2 Rfg7 33. Kh2 Qf7 34. Rd2 Qd7 35.
Rxa4 Qxb5 36. Ra8 Qb1 37. Rd1 Ne2 38. Qe1 Nd4 39. Qd2 Qg6 40. Bb2 Qf7 41. Qa5
Qf4+ {White resigns} 0-1

[Event "Team 45 45 League T70"]
[Site "Internet Chess Club"]
[Date "2016.09.20"]
[Round "2"]
[White "Gilguli"]
[Black "elmaestro"]
[Result "0-1"]
[WhiteElo "1411"]
[BlackElo "1733"]
[Opening "Sicilian defense"]
[ECO "B20"]
[Time "15:08:06"]
[TimeControl "2700+45"]

1. e4 c5 2. a3 d6 3. b4 Bd7 4. Nf3 a6 5. Nc3 Nc6 6. bxc5 dxc5 7. Bc4 b5 8. Ba2
c4 9. Nd5 e6 10. Nf4 Nf6 11. Qe2 Qc7 12. e5 Ng4 13. Bb2 Bc5 14. O-O h5 15. h3
O-O-O 16. hxg4 hxg4 17. Ng5 Rh4 18. g3 Rdh8 19. gxh4 Rxh4 20. Kg2 Bd4 21. Bxd4
Nxd4 22. Qd1 Bc6+ 23. f3 Qxe5 24. Qe1 Qxg5 25. Qg3 Nf5 26. Nxe6 gxf3+ 27. Rxf3
Qxg3+ {White resigns} 0-1

[Event "Team 45 45 League T70"]
[Site "Internet Chess Club"]
[Date "2016.09.18"]
[Round "2"]
[White "NashGames"]
[Black "nurmi"]
[Result "1-0"]
[WhiteElo "2124"]
[BlackElo "2082"]
[Opening "Sicilian: Pelikan (Lasker/Sveshnikov) variation"]
[ECO "B20"]
[Time "21:01:12"]
[TimeControl "2700+45"]

1. e4 c5 2. Ne2 Nc6 3. Nbc3 Nf6 4. d4 cxd4 5. Nxd4 e5 6. Ndb5 d6 7. Nd5 Nxd5 8.
exd5 Nb8 9. Be2 a6 10. Nc3 Be7 11. O-O O-O 12. f4 f5 13. fxe5 dxe5 14. Be3 b5
15. d6 Qxd6 16. Qxd6 Bxd6 17. Rad1 Bb4 18. Bf3 Bxc3 19. Bd5+ Kh8 20. bxc3 {Black
resigns} 1-0

[Event "Team 45 45 League T70"]
[Site "Internet Chess Club"]
[Date "2016.09.15"]
[Round "2"]
[White "zydus"]
[Black "LiangLiang"]
[Result "0-1"]
[WhiteElo "1732"]
[BlackElo "1994"]
[Opening "Nimzo-Indian: 4.e3 O-O"]
[ECO "E46"]
[Time "22:00:30"]
[TimeControl "2700+45"]

1. d4 Nf6 2. c4 e6 3. Nc3 Bb4 4. e3 O-O 5. Bd2 d5 6. a3 Bxc3 7. Bxc3 Ne4 8. Qc2
Nxc3 9. Qxc3 Nd7 10. cxd5 exd5 11. Bd3 Nf6 12. Ne2 c6 13. Ng3 Qe7 14. O-O Ne4
15. Qc2 Nxg3 16. hxg3 f5 17. g4 Qg5 18. gxf5 Bxf5 19. Bxf5 Rxf5 20. Rfd1 Raf8
21. Rd2 Qg4 22. Kf1 Qh4 23. Kg1 Rh5 24. Kf1 Qh1+ 25. Ke2 Qxa1 26. Rd1 Qa2 27. g4
Rxf2+ 28. Kxf2 Rh2+ {White resigns} 0-1

[Event "Team 45 45 League T70"]
[Site "Internet Chess Club"]
[Date "2016.09.16"]
[Round "2"]
[White "platolag"]
[Black "raiserplay27"]
[Result "1-0"]
[WhiteElo "1661"]
[BlackElo "1619"]
[Opening "QGD: 6.Nf3"]
[ECO "D55"]
[Time "22:06:05"]
[TimeControl "2700+45"]

1. d4 Nf6 2. c4 e6 3. Nc3 d5 4. Bg5 Be7 5. Nf3 O-O 6. e3 b6 7. cxd5 Nxd5 8. Bxe7
Qxe7 9. Rc1 Bb7 10. Be2 a6 11. O-O Rc8 12. Re1 Nd7 13. Bd3 c5 14. Bb1 Qf6 15.
Qd3 g6 16. Nxd5 Bxd5 17. Nd2 Qg5 18. e4 Bb7 19. f3 cxd4 20. Qxd4 Nc5 21. Qe3 Qe7
22. Nc4 Rc6 23. Ne5 Rd6 24. Ng4 Rad8 25. e5 Rd2 26. Qh6 f5 27. exf6 Qf8 28. Qf4
h5 29. f7+ Kh8 30. Ne5 Kg7 31. Qg5 Be4 32. fxe4 Qd6 33. Qxg6+ Kf8 34. Qf6 Qd4+
35. Kh1 Nxe4 36. Ng6# {Black checkmated} 1-0

[Event "Team 45 45 League T70"]
[Site "Internet Chess Club"]
[Date "2016.09.19"]
[Round "2"]
[White "Rekakoma"]
[Black "watkins"]
[Result "0-1"]
[WhiteElo "1502"]
[BlackElo "1546"]
[Opening "Sicilian: Alapin's variation (2.c3)"]
[ECO "B22"]
[Time "12:01:20"]
[TimeControl "2700+45"]

1. e4 c5 2. c3 d6 3. Nf3 Nf6 4. Bd3 e6 5. Bc2 Be7 6. O-O Nbd7 7. d4 O-O 8. Bf4
Nh5 9. Bg3 Nxg3 10. fxg3 b5 11. Qe2 c4 12. e5 Qb6 13. a4 Bb7 14. axb5 d5 15. Rf2
Qxb5 16. Ba4 Qa5 17. Qd1 Qc7 18. Bc2 a5 19. Qd2 Bc6 20. Ng5 Bxg5 21. Qxg5 g6 22.
Rf4 Qd8 23. Qh6 Re8 24. Rh4 Nf8 25. Nd2 f5 26. Nf3 Qe7 27. Rf1 Qg7 28. Qxg7+
Kxg7 29. g4 a4 30. gxf5 exf5 31. h3 Ne6 32. g4 fxg4 33. hxg4 Rf8 34. Kg2 a3 35.
bxa3 Rxa3 36. Rfh1 Rh8 37. Rh6 Rxc3 38. Bxg6 Nf4+ 39. Kg3 Nxg6 40. R1h5 Bd7 41.
g5 Rd3 42. Kf2 Bg4 43. Rh2 Rxf3+ 44. Ke1 Rd3 45. Rg2 Rd1+ 46. Kf2 Rd2+ 47. Kg3
Rxg2+ 48. Kxg2 Rf8 49. Rh2 c3 50. Kg3 Be6 51. Rc2 Nf4 52. Kh4 Rc8 53. Kg3 Nh5+
54. Kf3 Kg6 55. Ke3 Ng3 56. Kd3 Bf5+ 57. Ke3 Bxc2 58. e6 Re8 59. Kf4 Nf5 60. Kf3
Nxd4+ 61. Ke3 Nxe6 62. Ke2 Nxg5+ 63. Kf2 Bd1 64. Kf1 Re2 65. Kg1 {White resigns}
0-1

[Event "Team 45 45 League T70"]
[Site "Internet Chess Club"]
[Date "2016.09.16"]
[Round "2"]
[White "ascoli"]
[Black "RD1974"]
[Result "1-0"]
[WhiteElo "1517"]
[BlackElo "1710"]
[Opening "Queen's Indian: 4.g3 Bb7"]
[ECO "E15"]
[Time "15:01:07"]
[TimeControl "2700+45"]

1. d4 Nf6 2. c4 e6 3. Nf3 b6 4. g3 Bb7 5. Bg2 c5 6. O-O cxd4 7. Bf4 Bc5 8. Nxd4
Bxg2 9. Kxg2 O-O 10. Nb5 Nc6 11. Bd6 Bxd6 12. Nxd6 Qc7 13. Nc3 a6 14. Qd2 Ne5
15. b3 Qc6+ 16. Kg1 Ne8 17. Rad1 f5 18. Qd4 Ng4 19. Nxe8 Rfxe8 20. Qxd7 Qc5 21.
Qd4 Qb4 22. Na4 Rab8 23. h3 Nf6 24. Qe5 Ne4 25. Rd7 Qf8 26. Rfd1 Ng5 27. h4 Nf7
28. Qd4 b5 29. Nc5 a5 30. Na6 Rbc8 31. cxb5 Rc2 32. Rd2 Rc1+ 33. Kg2 Ra8 34. Nc7
Rxc7 35. Rxc7 Re8 36. Qc5 h6 37. Qxf8+ Rxf8 38. Rdd7 {Black resigns} 1-0

[Event "Team 45 45 League T70"]
[Site "Internet Chess Club"]
[Date "2016.09.18"]
[Round "2"]
[White "chesskix"]
[Black "herrahuu"]
[Result "0-1"]
[WhiteElo "1502"]
[BlackElo "1444"]
[Opening "QGD: Tarrasch defense"]
[ECO "D32"]
[Time "13:00:31"]
[TimeControl "2700+45"]

1. c4 e6 2. Nc3 d5 3. cxd5 exd5 4. d4 c5 5. Nf3 Nc6 6. e3 Nf6 7. Bb5 a6 8. Be2
Be7 9. O-O O-O 10. a3 b5 11. dxc5 Bxc5 12. b4 Bb6 13. Bb2 Be6 14. Nd4 Nxd4 15.
exd4 Ne8 16. Bf3 Rc8 17. Ne2 Qf6 18. Qd2 Nd6 19. Rac1 Nc4 20. Rxc4 Rxc4 21. Ba1
Rfc8 22. h3 Bxh3 23. Bxd5 Rc2 24. Qe3 Bg4 25. f3 Rxe2 26. Qxe2 Bxd4+ 27. Bxd4
Qxd4+ 28. Kh2 Qxd5 29. fxg4 Qe6 30. Qf3 h6 31. Rd1 Qe5+ 32. Kg1 Re8 33. Rf1 Qe3+
34. Kh2 Qxf3 35. Rxf3 Re6 36. Kg3 Kh7 37. Rxf7 Kg6 38. Ra7 Re3+ 39. Kf2 Rxa3 40.
g3 Kf6 41. Ra8 g6 42. Rf8+ Kg5 43. Rg8 Ra4 44. Ra8 Kxg4 45. Ra7 g5 46. Ra8 h5
47. Ra7 Ra2+ 48. Kg1 Kxg3 49. Kf1 g4 50. Re7 h4 51. Re3+ Kf4 52. Re8 h3 53. Rf8+
Kg3 54. Rc8 h2 55. Rc3+ Kh4 {White resigns} 0-1

[Event "Team 45 45 League T70"]
[Site "Internet Chess Club"]
[Date "2016.09.15"]
[Round "2"]
[White "JRussell2"]
[Black "Bible-Believer"]
[Result "0-1"]
[WhiteElo "1266"]
[BlackElo "1449"]
[Opening "French: Rubinstein variation"]
[ECO "C10"]
[Time "15:00:09"]
[TimeControl "2700+45"]

1. e4 e6 2. d4 d5 3. Nc3 dxe4 4. Nxe4 Nd7 5. Nf3 Ngf6 6. Bg5 Be7 7. Nxf6+ Nxf6
8. Bxf6 Bxf6 9. c3 O-O 10. Bd3 Qe7 11. O-O Bd7 12. Bc2 Bb5 13. Re1 Rfd8 14. Ne5
g6 15. Qf3 c5 16. Ng4 Bg7 17. dxc5 Bc6 18. Qe3 Rd5 19. b4 Rad8 20. Be4 R5d7 21.
Bxc6 bxc6 22. Ne5 Bxe5 23. Qxe5 Rd5 24. Qe3 Rd3 25. Qc1 Qf6 26. Qa3 Qxc3 27.
Qxa7 Qxa1 28. Kf1 {White resigns} 0-1